 Dungeon Crawl Stone Soup version 0.26.0-11-g8f856b5395 (webtiles) character file.

Game seed: 12887790507550207494

177 trckry the Ruffian (level 5, 0/40 HPs)
             Began as a Draconian Transmuter on Jan 15, 2021.
             Slain by Natasha (6 damage)
             ... on level 3 of the Dungeon.
             The game lasted 00:04:14 (2837 turns).

trckry the Ruffian (Draconian Transmuter)           Turns: 2837, Time: 00:04:14

Health: 0/40       AC:  7    Str: 12    XL:     5   Next: 30%
Magic:  7/8        EV: 12    Int: 15    God:
Gold:   161        SH:  0    Dex: 11    Spells: 7/8 levels left

rFire    . . .     SeeInvis .     - Unarmed
rCold    . . .     Faith    .   (no shield)
rNeg     . . .     Spirit   .   (armour unavailable)
rPois    .         Reflect  .   (helmet currently unavailable)
rElec    .         Harm     .   f - +1 cloak {Will+}
rCorr    .         Rampage  .   (no gloves)
Will     +....                  (boots currently unavailable)
Stlth    +.........             (no amulet)
HPRegen  0.13/turn              (no ring)
MPRegen  0.11/turn              (no ring)

@: appendages, slowed, very slow
A: unfitting armour, horns 2, talons 2, cold-blooded, AC +5
a: End Transformation


You were on level 3 of the Dungeon.
You had grown temporary horns.
You had grown temporary talons.
You visited 1 branch of the dungeon, and saw 3 of its levels.

You collected 161 gold pieces.

Inventory:

Missiles
 a - 42 poisoned darts (quivered)
Armour
 f - a +1 cloak of willpower (worn)
Jewellery
 i - an uncursed amulet of faith {unknown}
Scrolls
 b - 4 scrolls of identify {unknown}
 d - 3 scrolls of teleportation {unknown}
 e - 3 scrolls of amnesia {unknown}
Potions
 c - a potion of curing {unknown}
 g - a potion of ambrosia {unknown}
 h - a potion of might {unknown}


   Skills:
 - Level 1.1 Fighting
 - Level 1.7 Dodging
 * Level 4.7 Unarmed Combat
 - Level 2.0 Spellcasting
 * Level 4.1 Transmutations


You had 7 spell levels left.
You knew the following spells:

 Your Spells              Type           Power        Failure   Level
a - Beastly Appendage     Tmut           28%          4%          1

Your spell library contained the following spells:

 Spells                   Type           Power        Failure   Level
 Wereblood                Tmut           14%          6%          2
 Spider Form              Tmut/Pois      3%           28%         3
 Ice Form                 Ice/Tmut       7%           67%         4
 Blade Hands              Tmut           7%           73%         5


Dungeon Overview and Level Annotations

Branches:
Dungeon (3/15)

Altars:
Hepliaklqana
Xom

Annotations:
D:3 Natasha


Innate Abilities, Weirdness & Mutations

Your plain brown scales are hard. (AC +5)
You cannot fit into any form of body armour.
You are cold-blooded and may be slowed by cold attacks.
You have a pair of horns on your head.
You have razor-sharp toenails.


Message History

* * * LOW HITPOINT WARNING * * *
You see here a runed dagger.
The kobold hits you but does no damage.
Natasha howls an incantation.
Natasha glows brightly for a moment.
You see here a +0 club.
Natasha casts a spell at you.
You feel yourself slow down.
The orc suddenly jeers.
Natasha casts a spell at you. You resist with almost no effort.
Natasha claws you.
* * * LOW HITPOINT WARNING * * *
Casting: Beastly Appendage (safe; 4% risk of failure)
Confirm with . or Enter, or press ? or * to list all spells.
You grow a pair of large bovine horns.
Your feet morph into talons.
Natasha claws you.
* * * LOW HITPOINT WARNING * * *
You hit Natasha but do no damage. Natasha claws you.
You die...

########### ####..........
##.............
###############5.)...).......
##...........@hKo#...†........
####..###############.........!..
........# #............ ........#
#............ ........#
##........... .)......#
##.....#.... ##.##......
#####.#.... ...[#.##### #...###
.........#


You could see Natasha, a white imp (summoned), an orc and a kobold.

Vanquished Creatures
  Crazy Yiuf (D:2)
  Jessica (D:2)
  Natasha (D:3)
  3 adders (D:2)
  An ooze (D:1)
  3 worms
  A dart slug (D:1)
  3 orcs (D:3)
  3 giant cockroaches
  10 goblins
  7 hobgoblins
  2 jackals (D:1)
  3 quokkas
  4 bats (D:2)
  2 frilled lizards
  4 kobolds
  4 rats
53 creatures vanquished.

Notes
Turn   | Place    | Note
-------+----------+-------------------------------------------
     0 | D:1      | trckry the Draconian Transmuter began the quest for the
                  | Orb.
     0 | D:1      | Reached XP level 1. HP: 16/16 MP: 3/3
   163 | D:1      | Reached XP level 2. HP: 18/23 MP: 1/5
   675 | D:2      | Found a hazy altar of Hepliaklqana.
   736 | D:2      | Found a runed translucent door.
   737 | D:2      | Noticed Crazy Yiuf
   790 | D:2      | Reached XP level 3. HP: 17/28 MP: 6/6
  1265 | D:2      | Reached XP level 4. HP: 27/35 MP: 5/7
  1629 | D:2      | Noticed Jessica
  1635 | D:2      | Killed Jessica
  1904 | D:2      | Found a shadowy altar of Dithmenos.
  1906 | D:2      | Found a sparkling altar of Nemelex Xobeh.
  1906 | D:2      | Found a shimmering altar of Xom.
  1908 | D:2      | Found a blossoming altar of Fedhas.
  1908 | D:2      | Found a sparkling altar of Nemelex Xobeh.
  1908 | D:2      | Found a snail-covered altar of Cheibriados.
  2156 | D:2      | Killed Crazy Yiuf
  2443 | D:3      | Reached XP level 5. HP: 40/40 MP: 6/8
  2500 | D:3      | Noticed Natasha
  2513 | D:3      | Killed Natasha
  2817 | D:3      | Noticed Natasha
  2837 | D:3      | Slain by Natasha

Illustrated notes

Levels and vault maps discovered:
D:1:      ncdulo_smallfort, layout_rooms
D:2:      layout_loops_corners, general_overflow_altar, kennysheep_another_room,
          st_stairs_9, doesnt_xom_only_xom, uniq_jessica,
          uniq_crazy_yiuf_cottage
D:3:      layout_rooms, uniq_terence, uniq_natasha

Skill      XL: |  1  2  3  4  5 |
---------------+----------------+-----
Transmutations | 3 4 |  4.1
Unarmed Combat | 4 |  4.7
Fighting       | |  1.1
Dodging        | |  1.7
Spellcasting   | |  2.0

Action                   |  1- 3 |  4- 6 || total
-------------------------+-------+-------++-------
Melee: Unarmed           |    88 |    79 ||   167
       Kick              |    12 |    10 ||    22
       Headbutt          |    11 |     7 ||    18
       Tailslap          |     3 |     7 ||    10
       Punch             |     1 |     3 ||     4
 Cast: Beastly Appendage |    11 |     9 ||    20
 Stab: Sleeping          |     1 |       ||     1
Armor: Skin              |    26 |    19 ||    45
Dodge: Dodged            |    57 |    45 ||   102
